 Dungeon Sprint DCSS version 0.21.0-24-g2553a33 (webtiles) character file.

2 letownia2 the Magician (level 1, -3/19 HPs)
             Began as a Troll Wizard on Jan 20, 2018.
             Slain by Crazy Yiuf
             ... wielding a +2 quarterstaff of chaos
              (4 damage)
             ... while paralysed by Crazy Yiuf
             ... in the Dungeon (Sprint III: "The Ten Rune Challenge").
             The game lasted 00:00:33 (77 turns).

letownia2 the Magician (Troll Wizard)                 Turns: 77, Time: 00:00:34

Health: -3/19      AC:  5    Str: 14    XL:     1   Next: 33%
Magic:  2/2        EV:  1    Int: 14    God:
Gold:   2          SH:  0    Dex:  8    Spells: 3/4 levels left

rFire    . . .     SeeInvis .     - Unarmed
rCold    . . .     Gourm    +   (no shield)
rNeg     . . .     Faith    .   a - +0 robe
rPois    .         Spirit   .   b - +0 hat
rElec    .         Reflect  .   (no cloak)
rCorr    .         Harm     .   (gloves unavailable)
MR       .....     NoTele   +   (boots unavailable)
Stlth    +.........             (no amulet)
HPRegen  0.46/turn              (no ring)
MPRegen  0.08/turn              (no ring)

@: paralysed
A: large, unfitting armour, claws 3, fast metabolism 3, gourmand, regeneration
1, shaggy fur 1, tough skin 2
a: no special abilities


You were in the Dungeon.
You were full.

You visited 1 branch You collected 2 gold pieces.

Inventory:

Armour
 a - a +0 robe (worn)
 b - a +0 hat (worn)
Scrolls
 j - a scroll of blinking
Potions
 e - a potion of curing
 f - a potion of heal wounds
 g - a potion of haste
 h - 2 potions of magic
 i - a potion of berserk rage
Books
 c - a book of Minor Magic

   Spells                             Type                      Level
   a - Magic Dart                     Conjuration                  1
   b - Blink                          Translocation                2
   c - Call Imp                       Summoning                    2
   d - Slow                           Hexes                        2
   e - Conjure Flame                  Conjuration/Fire             3
   f - Mephitic Cloud                 Conjuration/Poison/Air       3
Comestibles
 d - 2 rations


   Skills:
 - Level 1.0 Fighting
 - Level 1.5 Dodging
 - Level 1.0 Stealth
 + Level 2.0 Unarmed Combat
 + Level 2.0 Spellcasting
 - Level 0.6 Conjurations
   Level 0.6 Summonings
   Level 0.6 Translocations


You had 3 spell levels left.
You knew the following spells:

 Your Spells              Type           Power        Failure   Level  Hunger
a - Magic Dart            Conj           #...         19%         1    ##.....


Dungeon Overview and Level Annotations

Branches:
Dungeon (1/1)

Altars:

Annotations:
D Crazy Yiuf


Innate Abilities, Weirdness & Mutations

You are too large for most types of armour.
You have claws for hands.
Your metabolism is lightning-fast.
You like to eat raw meat.
Your natural rate of healing is unusually fast.
You are covered in fur. (AC +1)
You have very tough skin. (AC +2)


Message History

Crazy Yiuf hits you but does no damage.
There is an open door here.
You see here a rat skeleton.
You scratch Crazy Yiuf.
Crazy Yiuf is heavily wounded.
Crazy Yiuf closely misses you.
There is an open door here.
Unknown command.
You scratch Crazy Yiuf.
Crazy Yiuf is heavily wounded.
You scratch Crazy Yiuf.
Crazy Yiuf is severely wounded.
Crazy Yiuf hits you with a quarterstaff of chaos.
You barely miss Crazy Yiuf.
Crazy Yiuf is severely wounded.
Crazy Yiuf hits you with a quarterstaff of chaos!
* * * LOW HITPOINT WARNING * * *
You suddenly lose the ability to move!
Crazy Yiuf hits you with a quarterstaff of chaos.
You die...

▓▓▓▓ ▓<.# ▓.@#
#....♣♣♣
▓#g####....♣.
▓.÷...#....≈♣
▓.....#...≈≈♣♣.
▓.....#g.≈≈≈≈.♣
▓####'#..≈≈≈≈≈≈
▓(....#.≈≈≈≈≈≈.
▓.....#.≈≈≈≈≈..
▓.....#.≈≈≈....


You could see Crazy Yiuf.

Vanquished Creatures
  4 rats (D)
4 creatures vanquished.

Vanquished Creatures (others)
  5 plants (D)
5 creatures vanquished.

Grand Total: 9 creatures vanquished

Notes
Turn   | Place    | Note
-------+----------+-------------------------------------------
     0 | D        | letownia2 the Troll Wizard began the quest for the Orb.
     0 | D        | Reached XP level 1. HP: 16/16 MP: 2/2
     4 | D        | Reached skill level 1 in Unarmed Combat
    29 | D        | Reached skill level 1 in Fighting
    45 | D        | Noticed Crazy Yiuf
    76 | D        | Paralysed by Crazy Yiuf for 4 turns
    77 | D        | Slain by Crazy Yiuf

Skill      XL: |  1 |
---------------+----+-----
Unarmed Combat | 2 |  2.0
Fighting       | 1 |  1.0
Dodging        | |  1.5
Stealth        | |  1.0
Spellcasting   | |  2.0
Conjurations   | |  0.6
Summonings     | |  0.6
Translocations | |  0.6

Action                   || total
-------------------------++-------
Melee: Unarmed           ||    18
 Stab: Sleeping          ||     1
  Eat: Chunk             ||     3
Armor: Robe              ||     3
Dodge: Dodged            ||     7
